 Dungeon Crawl Stone Soup version 0.26-a0-639-g72c4674329 (webtiles) character file.

Game seed: 971664734605531780

49 Gottschkopf the Ruffian (level 3, -1/28 HPs)
             Began as a Draconian Transmuter on Sept 17, 2020.
             Slain by an orc
             ... wielding a +0 dagger
              (4 damage)
             ... on level 1 of the Dungeon.
             The game lasted 00:01:57 (1746 turns).

Gottschkopf the Ruffian (Draconian Transmuter)      Turns: 1746, Time: 00:01:57

Health: -1/28      AC:  5    Str: 12    XL:     3   Next: 53%
Magic:  0/6        EV: 12    Int: 14    God:
Gold:   25         SH:  0    Dex: 11    Spells: 0/6 levels left

rFire    . . .     SeeInvis .     - Unarmed
rCold    . . .     Faith    .   (no shield)
rNeg     . . .     Spirit   .   (armour unavailable)
rPois    .         Reflect  .   (helmet currently unavailable)
rElec    .         Harm     .   (no cloak)
rCorr    .         Rampage  .   (no gloves)
MR       .....                  (boots currently unavailable)
Stlth    +.........             (no amulet)
HPRegen  0.09/turn              (no ring)
MPRegen  0.10/turn              (no ring)

@: appendages, wereblooded, very slightly contaminated, lightly drained
A: unfitting armour, horns 2, talons 2, cold-blooded, AC +5
a: End Transformation


You were on level 1 of the Dungeon.
You had grown temporary horns.
You had grown temporary talons.
You visited 1 branch of the dungeon, and saw 2 of its levels.

You collected 25 gold pieces.

Inventory:

Wands
 g - a wand of disintegration (15)
Scrolls
 a - a scroll of teleportation {unknown}
 b - a scroll of identify {unknown}
 c - 2 scrolls of remove curse {unknown}
 d - a scroll of enchant weapon {unknown}
Potions
 e - a potion of curing {unknown}
 f - a potion of degeneration {unknown}


   Skills:
 - Level 1.1(0.9) Fighting
 - Level 1.7(1.5) Dodging
 - Level 4.2(4.0) Unarmed Combat
 - Level 2.0(1.8) Spellcasting
 * Level 2.4(2.2) Transmutations
 + Level 0.6(0.4) Poison Magic


You couldn't memorise any spells.
You knew the following spells:

 Your Spells              Type           Power        Failure   Level
a - Beastly Appendage     Tmut           #.....       10%         1
b - Spider Form           Tmut/Pois      #.........   38%         3
c - Wereblood             Tmut           #.......     14%         2

Your spell library contained the following spells:

 Spells                   Type           Power        Failure   Level
 Ice Form                 Ice/Tmut       #.......     83%         4
 Blade Hands              Tmut           #.........   95%         5


Dungeon Overview and Level Annotations

Branches:
Dungeon (2/15)

Altars:
Vehumet


Innate Abilities, Weirdness & Mutations

Your plain brown scales are hard. (AC +5)
You cannot fit into any form of body armour.
You are cold-blooded and may be slowed by cold attacks.
You have a pair of horns on your head.
You have razor-sharp toenails.


Message History

The puff of flame misses you.
Casting: Wereblood (safe; 14% risk of failure)
Confirm with . or Enter, or press ? or * to list all spells.
Your blood is infused with primal strength.
The orc hits you with a +0 dagger. The orc wizard casts a spell at you.
The puff of flame hits you!
* * * LOW HITPOINT WARNING * * *
Casting: Wereblood (safe; 14% risk of failure)
Confirm with . or Enter, or press ? or * to list all spells.
You don't have enough magic to cast that spell.
Casting: Wereblood (safe; 14% risk of failure)
Confirm with . or Enter, or press ? or * to list all spells.
You extend your transformation's duration.
The orc hits you but does no damage. The orc wizard misses you.
Unknown command.
You hit the orc. Your kick misses the orc. You tail-slap the orc.
The orc is severely wounded.
The orc hits you with a +0 dagger.
You die...

## .# ### ## .#
##.## ######## ##.
.########.#.##
###S.....# ##.#
...........#.#
#@oS.....######.##
.########...##
#o#.###.........#
.# ##.##
#K#.###.######..##
## #.# #....##.#
##..# #.# #....##.#
##.. #.# #....##.#
#.# #####.##
#.......# #.#
#....†.######.#####
##+# # #.........#
#.# ##...


You could see an orc wizard, 2 adders, an orc and a kobold.

Vanquished Creatures
  An adder (D:2)
  A worm (D:2)
  A dart slug (D:1)
  2 leopard geckos (D:1)
  An orc (D:2)
  3 ball pythons
  4 bats
  A giant cockroach (D:1)
  3 hobgoblins
  4 jackals (D:1)
  A frilled lizard (D:1)
  9 kobolds
  3 rats
34 creatures vanquished.

Vanquished Creatures (others)
  13 plants (D:2)
13 creatures vanquished.

Grand Total: 47 creatures vanquished

Notes
Turn   | Place    | Note
-------+----------+-------------------------------------------
     0 | D:1      | Gottschkopf the Draconian Transmuter began the quest for
                  | the Orb.
     0 | D:1      | Reached XP level 1. HP: 16/16 MP: 3/3
   250 | D:1      | Reached XP level 2. HP: 22/23 MP: 3/5
   311 | D:1      | Learned a level 2 spell: Wereblood
   549 | D:1      | Reached skill level 4 in Unarmed Combat
  1295 | D:1      | Reached XP level 3. HP: 28/28 MP: 4/6
  1300 | D:1      | Learned a level 3 spell: Spider Form
  1608 | D:2      | Found a faded altar of an unknown god.
  1616 | D:2      | Became a worshipper of Vehumet
  1616 | D:2      | Reached * piety under Vehumet
  1616 | D:2      | Offered knowledge of Sandblast by Vehumet.
  1715 | D:2      | Fell from the grace of Vehumet
  1746 | D:1      | Slain by an orc

Illustrated notes

Levels and vault maps discovered:
D:1:      psy_arrival_spokes, layout_loops_corners
D:2:      layout_rooms, chequers_ecumenical_altar_simple_redux,
          serial_bayou_lake_a, uniq_robin, uniq_crazy_yiuf_cottage

Skill      XL: |  1  2 |
---------------+-------+-----
Unarmed Combat | 4 |  4.2
Fighting       | |  1.1
Dodging        | |  1.7
Spellcasting   | |  2.0
Transmutations | |  2.4
Poison Magic   | |  0.6

Action                   || total
-------------------------++-------
Melee: Unarmed           ||   100
       Tailslap          ||    11
       Kick              ||    10
       Headbutt          ||     7
 Cast: Beastly Appendage ||    29
       Wereblood         ||     2
Invok: Renounce Religion ||     1
Armor: Skin              ||    35
Dodge: Dodged            ||    80

Table legend: (Time is in decaauts)
 A = Elapsed time spent in this place.
 B = Non-inter-level travel time spent in this place.
 C = Inter-level travel time spent in this place.
 D = Time resting spent in this place.
 E = Time spent auto-exploring this place.
 F = Levels seen in this place.
 G = Mean time per level.
                   A        B        C        D        E       F      G
               +--------+--------+--------+--------+--------+-----+--------+
         Total |   1739 |   1712 |     27 |      0 |   1473 |   2 |  869.5 |
       Dungeon |   1739 |   1712 |     27 |      0 |   1473 |   2 |  869.5 |
               +--------+--------+--------+--------+--------+-----+--------+

Top non-repeatable levels by time:
     D:1: 1404 daAuts
     D:2: 335 daAuts
